 Dungeon Crawl Stone Soup version 0.25-a0-860-gf695395b5c (webtiles) character file.

Game seed: 14200826700209128306, levelgen mode: deterministic

9179 Majang the Grappler (level 11, -5/81 HPs)
             Began as a Demonspawn Gladiator on Apr 27, 2020.
             Was an Elder of Dithmenos.
             Slain by a komodo dragon (27 damage)
             ... on level 1 of the Lair of Beasts.
             The game lasted 01:04:00 (16685 turns).

Majang the Grappler (Demonspawn Gladiator)         Turns: 16685, Time: 01:04:01

Health: -5/81      AC: 15    Str: 17    XL:     11   Next: 19%
Magic:  25/25      EV:  8    Int: 14    God:    Dithmenos [****..]
Gold:   229        SH:  0    Dex: 14    Spells: 10/10 levels left

rFire    . . .     SeeInvis +     - Unarmed
rCold    . . .     Gourm    .   (no shield)
rNeg     . . .     Faith    .   b - +2 plate armour
rPois    .         Spirit   .   (helmet unavailable)
rElec    .         Reflect  .   (no cloak)
rCorr    .         Harm     .   (no gloves)
MR       .....                  H - +0 pair of boots {run}
Stlth    +.........             n - amulet of the acrobat
HPRegen  0.23/turn              g - +3 ring of intelligence
MPRegen  0.19/turn              y - ring of magical power

@: wreathed by umbra, quick
A: antennae 3, claws 2, nightstalker 2
a: Shadow Step, Renounce Religion


You were on level 1 of the Lair of Beasts.
You worshipped Dithmenos.
Dithmenos was greatly pleased with you.
You were not hungry.

You visited 3 branches of the dungeon, and saw 11 of its levels.
You also visited: Sewer.

You collected 591 gold pieces.
You spent 362 gold pieces at shops.

Inventory:

Missiles
 c - 6 throwing nets
 i - 50 poisoned darts
 q - 7 javelins
 t - 9 boomerangs (quivered)
Armour
 b - a +2 plate armour (worn)
 u - a +0 scale mail
 v - a +0 chain mail
 G - a +0 ring mail of fire resistance
 H - a +0 pair of boots of running (worn)
Jewellery
 e - an uncursed amulet of guardian spirit
 g - a +3 ring of intelligence (left claw)
 n - an amulet of the acrobat (around neck)
 y - a ring of magical power (right claw)
Wands
 a - a wand of digging (12)
 p - a wand of flame (25)
 C - a wand of paralysis (11)
 F - a wand of polymorph (5)
Scrolls
 h - 3 scrolls of enchant weapon
 k - 4 scrolls of remove curse
 o - a scroll of amnesia {unknown}
 s - 2 scrolls of identify
 w - 7 scrolls of teleportation
 D - a scroll of blinking
Potions
 f - 3 potions of mutation
 j - 7 potions of curing
 l - a potion of invisibility
 x - 2 potions of cancellation
 z - 3 potions of brilliance
 A - a potion of might {unknown}
 B - a potion of flight {unknown}
 J - a potion of magic {unknown}
Comestibles
 d - 16 rations
 m - 2 chunks of flesh


   Skills:
 + Level 6.3 Fighting
 + Level 5.7 Throwing
 + Level 5.4 Armour
 + Level 6.1 Dodging
 + Level 5.7 Stealth
 * Level 9.4 Unarmed Combat
 + Level 7.4 Invocations


You had 10 spell levels left.
You didn't know any spells.
Your spell library contained the following spells:

 Spells                   Type           Power        Failure   Level  Hunger
 Animate Skeleton         Necr           N/A          100%        1    ##.....
 Apportation              Tloc           #.....       100%        1    ##.....
 Corona                   Hex            #......      100%        1    ##.....
 Pain                     Necr           #...         100%        1    ##.....
 Summon Small Mammal      Summ           #...         100%        1    ##.....
 Ensorcelled Hibernation  Hex/Ice        #.....       100%        2    ###....
 Confusing Touch          Hex            #.......     100%        3    ####...
 Dazzling Flash           Conj/Hex       #.....       100%        3    ####...
 Tukima's Dance           Hex            #.......     100%        3    ####...
 Vampiric Draining        Necr           #.........   100%        3    ####...
 Animate Dead             Necr           N/A          100%        4    #####..
 Agony                    Necr           #.......     100%        5    ######.


Dungeon Overview and Level Annotations

Branches:
Dungeon (9/15)             Temple (1/1) D:7            Lair (1/6) D:9
    Orc (0/2) D:9           Sewer (visited)

Altars:
Ashenzari
Cheibriados
Dithmenos
Elyvilon
Fedhas
Gozag
Hepliaklqana
Kikubaaqudgha
Makhleb
Nemelex Xobeh
Okawaru
Qazlal
Ru
Sif Muna
Trog
Uskayaw
Vehumet
Wu Jian
Xom
Yredelemnul
Zin
The Shining One

Shops:
D:2 *   D:6 (   D:7 *   D:9 =

Annotations:
D:3 3 runed translucent doors, Tali's ghost, amateur DsBe
Lair:1 exclusion: oklob plant


Innate Abilities, Weirdness & Mutations

You have a pair of large antennae on your head. (SInv)
You have very sharp fingernails.
You are significantly more attuned to the shadows.


Message History

You barely miss the komodo dragon.
The komodo dragon is lightly wounded.
The komodo dragon bites you!
Your plate armour prevents you from hitting the komodo dragon.
The komodo dragon is lightly wounded.
The komodo dragon misses you.
Your plate armour prevents you from hitting the komodo dragon.
The komodo dragon is lightly wounded.
The komodo dragon bites you!!
* * * LOW HITPOINT WARNING * * *
You closely miss the komodo dragon.
The komodo dragon is lightly wounded.
Your shadow hits the komodo dragon. You closely miss the komodo dragon.
The komodo dragon is lightly wounded.
The komodo dragon bites you but does no damage.
You scratch the komodo dragon but do no damage.
The komodo dragon is lightly wounded.
The komodo dragon bites you!!
You die...

### ####### #####
#P####P..#P#####...###
......................
.###..#.........@l....
>#####..............(.
.P# ##..!.#######....
.## ##.....# .... .#
#P....## .....# .#
##.....# #....# .##
###....## #....#
..###.#....#######....#
......................#


You could see a komodo dragon.

Vanquished Creatures
  Harold (D:8)
  Joseph (D:7)
  A spiny frog (Lair:1)
  A torpor snail (Lair:1)
  A hippogriff (D:7)
  10 yaks (Lair:1)
  A hungry ghost (D:8)
  A water moccasin (D:8)
  4 porcupines
  4 sky beasts
  4 ice beasts
  2 black bears
  3 orc warriors
  2 phantoms
  5 centaurs
  4 ogres
  3 crocodiles
  A big kobold (D:7)
  12 bullfrogs
  2 gnoll sergeants
  A water moccasin zombie (D:7)
  4 scorpions
  5 wights (D:8)
  4 howler monkeys
  3 crimson imps (D:5)
  A centaur zombie (D:5)
  2 bullfrog zombies
  A jelly (D:6)
  5 orc priests
  7 hounds
  4 orc wizards
  2 iguanas
  6 worker ants
  A killer bee zombie (D:5)
  A worker ant zombie (D:8)
  18 adders
  10 gnolls
  A howler monkey skeleton (D:8)
  A river rat (D:6)
  2 shadow imps
  13 oozes
  2 adder zombies
  2 adder skeletons (D:4)
  4 worms (D:3)
  4 dart slugs
  10 leopard geckos
  38 orcs
  21 giant cockroaches
  8 goblins
  11 hobgoblins
  9 jackals
  11 kobolds
  3 quokkas
  9 ball pythons
  A ball python skeleton (D:4)
  7 bats
  15 frilled lizards
  A jackal skeleton (D:4)
  A jackal zombie (D:7)
  A quokka skeleton (D:9)
  13 rats
326 creatures vanquished.

Vanquished Creatures (others)
  A quokka (D:6)
  A fungus (D:9)
  2 plants (D:9)
4 creatures vanquished.

Grand Total: 330 creatures vanquished

Notes
Turn   | Place    | Note
-------+----------+-------------------------------------------
     0 | D:1      | Majang the Demonspawn Gladiator began the quest for the
                  | Orb.
     0 | D:1      | Reached XP level 1. HP: 16/16 MP: 1/1
   124 | D:1      | Reached skill level 3 in Unarmed Combat
   257 | D:1      | Gained mutation: You are slightly more attuned to the
                  | shadows. [demonic ancestry]
   257 | D:1      | Reached XP level 2. HP: 12/22 MP: 2/2
  1141 | D:2      | Gained mutation: You have sharp fingernails. [demonic
                  | ancestry]
  1141 | D:2      | Reached XP level 3. HP: 27/27 MP: 3/3
  1521 | D:2      | Reached skill level 4 in Unarmed Combat
  1616 | D:2      | Gained mutation: You are significantly more attuned to the
                  | shadows. [demonic ancestry]
  1616 | D:2      | Reached XP level 4. HP: 33/33 MP: 4/4
  1623 | D:2      | Noticed an ice beast
  1690 | D:2      | Found Gozag's Platinum Reserve.
  2590 | D:2      | Found a shattered altar of Ashenzari.
  2803 | D:2      | Found an opulent altar of Gozag.
  3354 | D:3      | Noticed Tali's ghost (amateur DsBe)
  3507 | D:3      | Reached skill level 1 in Stealth
  3507 | D:3      | Gained mutation: You have a pair of small antennae on your
                  | head. [demonic ancestry]
  3507 | D:3      | Reached XP level 5. HP: 38/38 MP: 5/5
  3656 | D:3      | Found a radiant altar of Vehumet.
  3710 | D:3      | Reached skill level 1 in Armour
  3832 | D:3      | Found a runed translucent gate.
  3973 | D:3      | Found a runed translucent gate.
  3982 | D:3      | Found a runed translucent gate.
  4330 | D:3      | Reached skill level 5 in Unarmed Combat
  4559 | D:3      | Gained mutation: You have a pair of antennae on your head.
                  | [demonic ancestry]
  4559 | D:3      | Reached XP level 6. HP: 24/46 MP: 6/6
  4833 | D:4      | Found a bloodstained altar of Trog.
  5033 | D:4      | Found a shadowy altar of Dithmenos.
  5430 | D:4      | Became a worshipper of Dithmenos the Shadowed
  5792 | D:4      | Reached skill level 1 in Invocations
  5945 | D:4      | Reached XP level 7. HP: 48/52 MP: 7/7
  6135 | D:5      | Entered Level 5 of the Dungeon
  6527 | D:5      | Reached skill level 6 in Unarmed Combat
  7008 | D:5      | Reached XP level 8. HP: 48/59 MP: 9/9
  7536 | D:5      | Reached * piety under Dithmenos
  7922 | D:6      | Found a glowing drain.
  7932 | Sewer    | Entered a sewer
  8136 | Sewer    | Reached ** piety under Dithmenos
  8916 | D:6      | Reached skill level 7 in Unarmed Combat
  8958 | D:6      | Reached XP level 9. HP: 61/66 MP: 12/12
  9110 | D:6      | Reached *** piety under Dithmenos
  9144 | D:6      | Found a white marble altar of Elyvilon.
  9151 | D:6      | Found Liekhed's Weapon Shoppe.
  9680 | D:7      | Found a staircase to the Ecumenical Temple.
  9687 | Temple   | Entered the Ecumenical Temple
 10010 | D:7      | Noticed Joseph
 10612 | D:7      | Reached skill level 5 in Invocations
 10846 | D:7      | Found Dietoc Myebi's Assorted Antiques.
 10852 | D:7      | Bought a glowing ring mail for 175 gold pieces
 10852 | D:7      | Bought a pair of runed boots for 187 gold pieces
 10857 | D:7      | Identified a +0 pair of boots of running (You bought it in
                  | a shop on level 7 of the Dungeon)
 11026 | D:7      | Reached skill level 5 in Fighting
 11092 | D:7      | Found a shattered altar of Ashenzari.
 11314 | D:7      | Killed Joseph
 11314 | D:7      | Reached skill level 5 in Dodging
 11314 | D:7      | Reached skill level 8 in Unarmed Combat
 11747 | D:8      | Reached **** piety under Dithmenos
 11772 | D:8      | Gained mutation: You have a pair of large antennae on your
                  | head. (SInv) [demonic ancestry]
 11772 | D:8      | Reached XP level 10. HP: 73/74 MP: 14/14
 13061 | D:8      | Noticed Harold
 13304 | D:8      | Killed Harold
 13304 | D:8      | Reached skill level 5 in Throwing
 13673 | D:8      | Reached skill level 5 in Stealth
 14647 | D:9      | Reached skill level 5 in Armour
 14823 | D:9      | Reached skill level 9 in Unarmed Combat
 15055 | D:9      | Found a staircase to the Orcish Mines.
 15165 | D:9      | Found a staircase to the Lair.
 15313 | D:9      | Found a shadowy altar of Dithmenos.
 15404 | D:9      | Found Lytaf's Jewellery Shoppe.
 15636 | Lair:1   | Entered Level 1 of the Lair of Beasts
 15981 | Lair:1   | Gained mutation: You have very sharp fingernails. [demonic
                  | ancestry]
 15981 | Lair:1   | Reached XP level 11. HP: 51/81 MP: 16/16
 16125 | Lair:1   | Found a white marble altar of Elyvilon.
 16599 | Lair:1   | Found a blossoming altar of Fedhas.
 16616 | Lair:1   | Noticed an oklob plant
 16685 | Lair:1   | Slain by a komodo dragon

Levels and vault maps discovered:
D:1:      eino_arrival_druids_welcome, layout_basic
D:2:      layout_basic, nicolae_gozag_zags_fifth_avenue, grunt_decor_one_mirror,
          ashenzari_altar_1
D:3:      layout_basic, marbit_many_paths, gammafunk_ghost_icy, first_ration,
          st_stairs_14
D:4:      layout_basic, overflow_temple_1_default,
          nicolae_dithmenos_through_a_glass_darkly
D:5:      layout_loops_ring, serial_bayou_pond_b, chequers_mini_garden,
          serial_bayou_crossing
D:6:      layout_cave_pools, elyvilon_altar_4, serial_shops, shop,
          gup_sewer_entry_spiral
D:7:      layout_cave_pods, kennysheep_mini_moat, minmay_temple_entry_hall,
          serial_shops, nicolae_shop_temple_entry_statues_fountains,
          chequers_serial_rivers_marsh, grunt_ogre_cave, grunt_decor_cap,
          uniq_joseph
D:8:      layout_gridville, serial_bayou_ford_a, uniq_harold
D:9:      layout_basic, due_lair_maze_entry_diamond, david_orc_2, basic_altar,
          serial_shops, nicolae_shop_trees
Temple:   nicolae_temple_x_marks_the_god
Lair:1:   layout_chaotic_city, basic_altar, tgw_fedhas

Skill      XL: |  1  2  3  4  5  6  7  8  9 10 11 |
---------------+----------------------------------+-----
Unarmed Combat | 3 4 5 6 7 8 9 |  9.4
Stealth        | 1 2 3 4 5 |  5.7
Armour         | 1 2 3 4 5 |  5.4
Throwing       | 2 3 4 5 |  5.7
Dodging        | 3 4 5 6 |  6.1
Fighting       | 3 4 5 6 |  6.3
Invocations    | 1 2 4 5 7 |  7.4

Action                   |  1- 3 |  4- 6 |  7- 9 | 10-12 || total
-------------------------+-------+-------+-------+-------++-------
Melee: Unarmed           |   161 |   278 |   698 |   463 ||  1600
       Punch             |     3 |     7 |    20 |    13 ||    43
Throw: Boomerang         |       |       |     5 |     1 ||     6
       Throwing net      |       |       |       |     2 ||     2
Evoke: Wand              |       |       |       |     1 ||     1
  Use: Scroll            |       |     8 |     2 |     8 ||    18
       Potion            |       |       |     3 |     6 ||     9
 Stab: Sleeping          |     4 |     6 |     9 |     2 ||    21
       Distracted        |       |     1 |     1 |     1 ||     3
       Invisible         |       |       |     8 |     3 ||    11
  Eat: Chunk             |     2 |    14 |    15 |    18 ||    49
       Ration            |       |       |     1 |       ||     1
Armor: Leather armour    |    38 |     5 |       |       ||    43
       Scale mail        |       |    14 |       |       ||    14
       Chain mail        |       |    91 |   252 |       ||   343
       Ring mail         |       |       |    19 |    29 ||    48
       Plate armour      |       |       |       |    93 ||    93
Dodge: Dodged            |    75 |   165 |   338 |   178 ||   756

Table legend:
 A = Non-vault XP
 B = Vault XP
 C = Vault XP percentage of total XP
 D = Non-vault monster count
 E = Vault monster count
 F = Vault count percentage of total count
                 A         B        C        D         E       F
            +---------+---------+-------+---------+---------+-------
      Total |    9913 |    3200 |  24.4 |     249 |      77 |  23.6
            +---------+---------+-------+---------+---------+-------
        D:1 |      39 |       0 |   0.0 |      21 |       0 |   0.0
        D:2 |     258 |       0 |   0.0 |      32 |       0 |   0.0
        D:3 |     288 |      15 |   5.0 |      38 |       3 |   7.3
        D:4 |     283 |       0 |   0.0 |      16 |       0 |   0.0
        D:5 |     962 |      34 |   3.4 |      31 |       1 |   3.1
        D:6 |    1071 |      44 |   3.9 |      18 |       6 |  25.0
        D:7 |    1416 |     603 |  29.9 |      27 |       2 |   6.9
        D:8 |    1650 |    1590 |  49.1 |      42 |       6 |  12.5
        D:9 |     633 |     535 |  45.8 |       8 |      10 |  55.6
     Lair:1 |    3313 |       0 |   0.0 |      16 |       0 |   0.0
      Sewer |       0 |     379 | 100.0 |       0 |      49 | 100.0
            +---------+---------+-------+---------+---------+-------
